 Dungeon Crawl Stone Soup version 0.30-a0-1075-gcd70e7a56d (webtiles) character file.

Game seed: 1450114911820261723

86 hwolsky the Covered (level 4, -2/40 HPs)
             Began as a Minotaur Fighter on Apr 14, 2023.
             Slain by a gnoll
             ... wielding a +6 spear of venom
              (4 damage)
             ... on level 3 of the Dungeon.
             The game lasted 00:02:45 (1714 turns).

hwolsky the Covered (Minotaur Fighter)              Turns: 1714, Time: 00:02:45

Health: -2/40      AC:  8    Str: 23    XL:     4   Next: 26%
Magic:  3/3        EV:  9    Int:  5    God:
Gold:   83         SH:  4    Dex:  9    Spells: 3/3 levels left

rFire   . . .      SeeInvis .    a - +0 long sword
rCold   . . .      Faith    .    c - +0 buckler
rNeg    . . .      Spirit   .    b - +0 scale mail
rPois   .          Reflect  .    (helmet restricted)
rElec   .          Rampage  .    (no cloak)
rCorr   .                        (no gloves)
Will    .....                    k - +0 pair of boots Stlth
                                 (no amulet)
HPRegen 0.26/turn                (no ring)
MPRegen 0.08/turn                (no ring)

@: mighty, lethally poisoned (-2 -> -15)
A: horns 2, retaliatory headbutt
a: no special abilities


You were on level 3 of the Dungeon.
You visited 1 branch of the dungeon, and saw 3 of its levels.

You collected 83 gold pieces.

Inventory:

Hand Weapons
 a - a +0 long sword (weapon)
Armour
 b - a +0 scale mail (worn)
 c - a +0 buckler (worn)
 k - a +0 pair of boots (worn)
Jewellery
 h - a +6 ring of dexterity
Scrolls
 i - a scroll of teleportation {unknown}
 j - a scroll of amnesia {unknown}
 l - a scroll of magic mapping {unknown}
 m - a scroll of poison {unknown}
 o - a scroll of identify {unknown}
Potions
 e - a potion of degeneration {unknown}
 f - a potion of flight {unknown}
 n - 2 potions of cancellation {unknown}
 p - a potion of heal wounds {unknown}


   Skills:
 + Level 4.2 Fighting
 * Level 3.7 Long Blades
 * Level 4.6 Armour
 + Level 4.1 Shields


You had 3 spell levels left.
You didn't know any spells.
Your spell library contained the following spells:

 Spells                   Type           Power      Damage    Failure   Level
 Blink                    Tloc           0%         N/A       95%         2
 Sublimation of Blood     Necr           0%         N/A       95%         2
 Manifold Assault         Tloc           0%         N/A       100%        4
 Petrify                  Tmut/Erth      0%         N/A       100%        4
 Irradiate                Conj/Tmut      0%         3d11      100%        5
 Storm Form               Tmut/Air       0%         N/A       100%        7


Dungeon Overview and Level Annotations

Branches:
Dungeon (3/15)

Altars:


Innate Abilities, Weirdness & Mutations

You have a pair of horns on your head.
You reflexively headbutt those who attack you in melee.


Message History

The gnoll hits you with a +0 spear.
The gnoll hits you from afar with a +6 spear of venom.
You are poisoned.
Things that are here:
a +0 spear; a gnoll corpse You barely miss the gnoll.
You feel very sick. The gnoll closely misses you. You furiously retaliate!
You headbutt the gnoll.
The gnoll hits you from afar with a +6 spear of venom.
* * * LOW HITPOINT WARNING * * *
You are lethally poisoned!
The gnoll hits you with a +0 spear.
* * * LOW HITPOINT WARNING * * *
You block the gnoll's attack.
It was a potion of curing.
You feel better. The gnoll hits you but does no damage.
The gnoll hits you from afar with a +6 spear of venom.
* * * LOW HITPOINT WARNING * * *
You feel better. The gnoll hits you with a +0 spear.
The gnoll completely misses you.
You feel very mighty all of a sudden. The gnoll closely misses you.
You block the gnoll's attack.
You hit the gnoll. You headbutt the gnoll.
You kill the gnoll!
The gnoll hits you from afar with a +6 spear of venom.
* * * LOW HITPOINT WARNING * * *
You are lethally poisoned!
* * * LOW HITPOINT WARNING * * *
You feel very sick.
The gnoll hits you with a +6 spear of venom.
* * * LOW HITPOINT WARNING * * *
You are more poisoned.
Things that are here:
a +0 spear; 2 throwing nets You closely miss the gnoll.
You headbutt the gnoll!
The gnoll is heavily wounded.
* * * LOW HITPOINT WARNING * * *
You feel very sick.
The gnoll hits you with a +6 spear of venom.
You die...

### ..# #.#
.g. #r# #g#
#@# #)#
####)##.#...
#.........#
#.##.##.###
#.##.# #
#.##$#
#.##.#
#.##.#


You could see a gnoll, a quokka and a goblin.

Vanquished Creatures
  3 gnolls (D:3)
  3 adders
  3 endoplasms
  A giant cockroach (D:1)
  4 goblins
  4 hobgoblins
  2 quokkas
  A ball python (D:2)
  3 frilled lizards
  3 kobolds
  4 rats
31 creatures vanquished.

Notes
Turn   | Place    | Note
-------+----------+-------------------------------------------
     0 | D:1      | hwolsky the Minotaur Fighter began the quest for the Orb.
     0 | D:1      | Reached XP level 1. HP: 19/19 MP: 0/0
    54 | D:1      | Found a faded altar of an unknown god.
   457 | D:1      | Reached XP level 2. HP: 27/27 MP: 1/1
  1069 | D:2      | Reached XP level 3. HP: 31/33 MP: 2/2
  1707 | D:3      | Reached XP level 4. HP: 25/40 MP: 3/3
  1714 | D:3      | HP: 2/40 [poisoned by a gnoll]
  1714 | D:3      | Slain by a gnoll

Illustrated notes

Levels and vault maps discovered:
D:1:      lemuel_arrival_behind_the_door_small, layout_loops_corners,
          hellmonk_ecumenical_altar_blasted, minmay_pentomino_s2
D:2:      layout_basic, wander_ebering_terrifying_dragon_lair
D:3:      layout_loops_ring, uniq_jessica, uniq_sigmund

Skill      XL: |  1  2  3 |
---------------+----------+-----
Long Blades    | 3 |  3.7
Armour         | 4 |  4.6
Fighting       | 4 |  4.2
Shields        | 4 |  4.1

Action                     |  1- 3 |  4- 6 || total
---------------------------+-------+-------++-------
  Melee: Long sword        |    90 |     3 ||    93
         Headbutt          |     5 |     2 ||     7
    Use: Potion            |       |     3 ||     3
 Armour: Scale mail        |    43 |     1 ||    44
  Dodge: Dodged            |    58 |     3 ||    61
  Block: Buckler           |    21 |     2 ||    23

Table legend: (Time is in decaauts)
 A = Elapsed time spent in this place.
 B = Non-inter-level travel time spent in this place.
 C = Inter-level travel time spent in this place.
 D = Time resting spent in this place.
 E = Time spent auto-exploring this place.
 F = Levels seen in this place.
 G = Mean time per level.
                   A        B        C        D        E       F      G
               +--------+--------+--------+--------+--------+-----+--------+
         Total |   1739 |   1688 |     51 |     52 |   1303 |   3 |  579.7 |
       Dungeon |   1739 |   1688 |     51 |     52 |   1303 |   3 |  579.7 |
               +--------+--------+--------+--------+--------+-----+--------+

Top non-repeatable levels by time:
     D:1: 913 daAuts
     D:2: 672 daAuts
     D:3: 154 daAuts
